ORI
UNIVERSITY OF CONNETICUT HUSKIES @ UNIVERSITY OF OKLAHOMA SOONERS
11/02/2049
 
TOP OF THE 1ST
University of Southern California Trojans batting - Pitching for Coastal Carolina University Chanticleers : RHP Tetsuaki Nakamura
Pitching: RHP Tetsuaki Nakamura
Batting: RHB Liangde Zhou 0-0: Ball
1-0: Called Strike
1-1: Called Strike
1-2: Fly out, F7 (Flyball, 7D, EV 97.5 MPH)
Batting: RHB Jochen Schanz 0-0: Called Strike
0-1: Foul Ball, location: 2F
0-2: Ball
1-2: Strikes out swinging
Batting: RHB Rick Acevedo 0-0: Ball
1-0: Ball
2-0: Called Strike
2-1: Called Strike
2-2: Ball
3-2: Fly out, F8 (Line Drive, 8LM, EV 98.1 MPH)
Top of the 1st over - 0 runs, 0 hits, 0 errors, 0 left on base; University of Southern California 0 - Coastal Carolina University 0
BOTTOM OF THE 1ST
Coastal Carolina University Chanticleers batting - Pitching for University of Southern California Trojans : RHP Bartholomous Sauer
Pitching: RHP Bartholomous Sauer
Batting: RHB Dennis Bennett 0-0: Ball
1-0: Foul Ball, location: 2F
1-1: Ball
2-1: Ball
3-1: Foul Ball, location: 2F
3-2: Strikes out swinging
Batting: RHB Tatsunori Ishigaki 0-0: Ball
1-0: Called Strike
1-1: Ball
2-1: Foul Ball, location: 2F
2-2: Foul Ball, location: 2F
2-2: Ball
3-2: Strikes out looking
Batting: RHB Isaac Washington 0-0: Called Strike
0-1: Ball
1-1: Foul Ball, location: 2F
1-2: Ground out 3-1 (Groundball, 34S, EV 83.8 MPH)
Bottom of the 1st over - 0 runs, 0 hits, 0 errors, 0 left on base; University of Southern California 0 - Coastal Carolina University 0
TOP OF THE 2ND
University of Southern California Trojans batting - Pitching for Coastal Carolina University Chanticleers : RHP Tetsuaki Nakamura
Batting: LHB John Rumbolt 0-0: Foul Ball, location: 2F
0-1: Fly out, F8 (Flyball, 78M, EV 80.6 MPH)
Batting: LHB Justin Veirs 0-0: Ball
1-0: Ball
2-0: SINGLE (Groundball, 56D, EV 99.4 MPH)
Batting: RHB Jeremy McAbee 0-0: Swinging Strike
Justin Veirs is caught stealing 2nd base 2-4
0-1: Ground out 4-3 (Groundball, 4, EV 81.9 MPH)
Top of the 2nd over - 0 runs, 1 hit, 0 errors, 0 left on base; University of Southern California 0 - Coastal Carolina University 0
BOTTOM OF THE 2ND
Coastal Carolina University Chanticleers batting - Pitching for University of Southern California Trojans : RHP Bartholomous Sauer
Batting: RHB Alex Montiel 0-0: Ball
1-0: Called Strike
1-1: Swinging Strike
1-2: Foul Ball, location: 2F
1-2: Strikes out swinging
Batting: RHB Mark Tart 0-0: Ball
1-0: Ball
2-0: Foul Ball, location: 2F
2-1: Reached on error, E5 (Groundball, 56, EV 88.8 MPH)
Batting: RHB Chris Marcellus 0-0: Foul Ball, location: 2F
0-1: Called Strike
Mark Tart steals 2nd, throwing error, E2
Mark Tart to third
0-2: Fly out, F8 (Flyball, 8RM, EV 96.2 MPH)
Runner from 3rd tags up, SCORES, throw by CF
Batting: RHB Oscar Hernandez 0-0: Swinging Strike
0-1: Fly out, F6 (Line Drive, 6, EV 77.5 MPH)
Bottom of the 2nd over - 1 run, 0 hits, 2 errors, 0 left on base; University of Southern California 0 - Coastal Carolina University 1
TOP OF THE 3RD
University of Southern California Trojans batting - Pitching for Coastal Carolina University Chanticleers : RHP Tetsuaki Nakamura
Batting: RHB Joe Keough 0-0: Called Strike
0-1: Ball
1-1: Ball
2-1: Foul Ball, location: 2F
2-2: Foul Ball, location: 2F
2-2: Ball
3-2: SINGLE (Groundball, 6M, EV 79.4 MPH) (infield hit)
Batting: RHB Tri Kartini 0-0: Called Strike
0-1: Ball
1-1: Called Strike
1-2: Ball
2-2: DOUBLE (Flyball, 89D, EV 93.1 MPH)
Joe Keough to third
Batting: RHB Bobby Basoco 0-0: Called Strike
0-1: Ground out 6-3 (Groundball, 6M, EV 83.1 MPH)
Joe Keough scores
Tri Kartini to third
Batting: RHB Liangde Zhou 0-0: Ball
1-0: DOUBLE (Line Drive, 78D, EV 100.0 MPH)
Tri Kartini scores
Batting: RHB Jochen Schanz 0-0: Ball
1-0: Called Strike
1-1: Swinging Strike
1-2: Strikes out swinging
Batting: RHB Rick Acevedo 0-0: Swinging Strike
0-1: Ball
1-1: Ball
2-1: Ball
3-1: Foul Ball, location: 2F
3-2: Base on Balls
Batting: LHB John Rumbolt 0-0: Ball
1-0: Ball
2-0: Ball
3-0: Base on Balls
Liangde Zhou to third
Rick Acevedo to second
Batting: LHB Justin Veirs 0-0: Ball
1-0: Ground out 4-3 (Groundball, 34D, EV 92.5 MPH)
Top of the 3rd over - 2 runs, 3 hits, 0 errors, 3 left on base; University of Southern California 2 - Coastal Carolina University 1
BOTTOM OF THE 3RD
Coastal Carolina University Chanticleers batting - Pitching for University of Southern California Trojans : RHP Bartholomous Sauer
Batting: LHB Justin Sanders 0-0: Called Strike
0-1: Ball
1-1: Swinging Strike
1-2: Strikes out swinging
Batting: RHB Rene Napoles 0-0: Ball
1-0: Bunt for hit to 13S - play at first, batter OUT! 1-3
Batting: RHB Dennis Bennett 0-0: Swinging Strike
0-1: Fly out, F7 (Line Drive, 78M, EV 94.4 MPH)
Bottom of the 3rd over - 0 runs, 0 hits, 0 errors, 0 left on base; University of Southern California 2 - Coastal Carolina University 1
TOP OF THE 4TH
University of Southern California Trojans batting - Pitching for Coastal Carolina University Chanticleers : RHP Tetsuaki Nakamura
Batting: RHB Jeremy McAbee 0-0: Ball
1-0: Ground out 6-3 (Groundball, 6, EV 101.9 MPH)
Batting: RHB Joe Keough 0-0: Swinging Strike
0-1: Called Strike
0-2: Ball
1-2: Strikes out swinging
Batting: RHB Tri Kartini 0-0: Ball
1-0: Ball
2-0: Called Strike
2-1: Ball
3-1: Base on Balls
Batting: RHB Bobby Basoco 0-0: Called Strike
0-1: Ball
1-1: Called Strike
1-2: Ball
2-2: Foul Ball, location: 2F
2-2: Ball
3-2: Ground out 5-3 (Groundball, 56, EV 97.5 MPH)
Top of the 4th over - 0 runs, 0 hits, 0 errors, 1 left on base; University of Southern California 2 - Coastal Carolina University 1
BOTTOM OF THE 4TH
Coastal Carolina University Chanticleers batting - Pitching for University of Southern California Trojans : RHP Bartholomous Sauer
Batting: RHB Tatsunori Ishigaki 0-0: Fly out, F8 (Flyball, 8RM, EV 76.2 MPH)
Batting: RHB Isaac Washington 0-0: Called Strike
0-1: SINGLE (Flyball, 78S, EV 90.0 MPH)
Batting: RHB Alex Montiel 0-0: Ball
1-0: Called Strike
1-1: Ball
2-1: Foul Ball, location: 2F
2-2: Strikes out swinging
Batting: RHB Mark Tart 0-0: Ground out 4-3 (Groundball, 4D, EV 97.5 MPH)
Bottom of the 4th over - 0 runs, 1 hit, 0 errors, 1 left on base; University of Southern California 2 - Coastal Carolina University 1
TOP OF THE 5TH
University of Southern California Trojans batting - Pitching for Coastal Carolina University Chanticleers : RHP Tetsuaki Nakamura
Batting: RHB Liangde Zhou 0-0: Foul Ball, location: 2F
0-1: Foul Ball, location: 2F
0-2: Ball
1-2: Ball
2-2: Strikes out looking
Pitching: LHP Kurt Koehn
Batting: RHB Jochen Schanz 0-0: Called Strike
0-1: Foul Ball, location: 2F
0-2: Ball
1-2: Strikes out looking
Batting: RHB Rick Acevedo 0-0: Called Strike
0-1: Foul Ball, location: 2F
0-2: SOLO HOME RUN (Flyball, 9D, EV 106.9 MPH), Distance : 392 ft
Batting: LHB John Rumbolt 0-0: Ball
1-0: Called Strike
1-1: Ball
2-1: Called Strike
2-2: Ball
3-2: DOUBLE (Flyball, 78D, EV 110.0 MPH)
Batting: LHB Justin Veirs 0-0: Ball
1-0: Called Strike
1-1: Fly out, F2 (Popup, 2RF, EV 93.1 MPH)
Top of the 5th over - 1 run, 2 hits, 0 errors, 1 left on base; University of Southern California 3 - Coastal Carolina University 1
BOTTOM OF THE 5TH
Coastal Carolina University Chanticleers batting - Pitching for University of Southern California Trojans : RHP Bartholomous Sauer
Batting: RHB Chris Marcellus 0-0: Called Strike
0-1: Ball
1-1: Foul Ball, location: 2F
1-2: Ground out 1-3 (Groundball, P, EV 73.8 MPH)
Batting: RHB Oscar Hernandez 0-0: Ground out 5-3 (Groundball, 56S, EV 75.0 MPH)
Batting: LHB Justin Sanders 0-0: Ball
1-0: Fly out, F8 (Flyball, 8RD, EV 88.8 MPH)
Bottom of the 5th over - 0 runs, 0 hits, 0 errors, 0 left on base; University of Southern California 3 - Coastal Carolina University 1
TOP OF THE 6TH
University of Southern California Trojans batting - Pitching for Coastal Carolina University Chanticleers : LHP Kurt Koehn
Batting: RHB Jeremy McAbee 0-0: SOLO HOME RUN (Line Drive, 78XD, EV 110.0 MPH), Distance : 420 ft
Batting: RHB Joe Keough 0-0: Called Strike
0-1: Ball
1-1: Ball
2-1: Ground out 6-3 (Groundball, 6MD, EV 105.0 MPH)
Batting: RHB Tri Kartini 0-0: Ball
1-0: Ground out 5-3 (Groundball, 56S, EV 84.4 MPH)
Batting: RHB Bobby Basoco 0-0: Called Strike
0-1: Ball
1-1: Ground out 6-3 (Groundball, 6, EV 102.5 MPH)
Top of the 6th over - 1 run, 1 hit, 0 errors, 0 left on base; University of Southern California 4 - Coastal Carolina University 1
BOTTOM OF THE 6TH
Coastal Carolina University Chanticleers batting - Pitching for University of Southern California Trojans : RHP Bartholomous Sauer
Batting: RHB Rene Napoles 0-0: Ball
1-0: Foul Ball, location: 2F
1-1: Ground out 1-3 (Groundball, 15S, EV 66.2 MPH)
Batting: RHB Dennis Bennett 0-0: Ball
1-0: Called Strike
1-1: Ball
2-1: Foul Ball, location: 2F
2-2: Ball
3-2: Strikes out swinging
Batting: RHB Tatsunori Ishigaki 0-0: Ball
1-0: Ball
2-0: Called Strike
2-1: Ground out 4-3 (Groundball, 4, EV 102.5 MPH)
Bottom of the 6th over - 0 runs, 0 hits, 0 errors, 0 left on base; University of Southern California 4 - Coastal Carolina University 1
TOP OF THE 7TH
University of Southern California Trojans batting - Pitching for Coastal Carolina University Chanticleers : LHP Kurt Koehn
Pitching: LHP Caleb Rohde
Batting: RHB Liangde Zhou 0-0: Foul Ball, location: 2F
0-1: Ball
1-1: Ball
2-1: Fly out, F9 (Flyball, 89M, EV 91.2 MPH)
Batting: RHB Jochen Schanz 0-0: Fly out, F4 (Line Drive, 4M, EV 62.5 MPH)
Batting: RHB Rick Acevedo 0-0: Ball
1-0: Ball
2-0: Called Strike
2-1: Swinging Strike
2-2: DOUBLE (Line Drive, 5D, EV 101.2 MPH)
Batting: LHB John Rumbolt 0-0: Ground out 4-3 (Groundball, 4, EV 102.5 MPH)
Top of the 7th over - 0 runs, 1 hit, 0 errors, 1 left on base; University of Southern California 4 - Coastal Carolina University 1
BOTTOM OF THE 7TH
Coastal Carolina University Chanticleers batting - Pitching for University of Southern California Trojans : RHP Bartholomous Sauer
Batting: RHB Isaac Washington 0-0: Swinging Strike
0-1: Ball
1-1: Swinging Strike
1-2: Ball
2-2: Ground out U3 (Groundball, 34S, EV 86.9 MPH)
Batting: RHB Alex Montiel 0-0: Ball
1-0: Ball
2-0: Called Strike
2-1: Foul Ball, location: 2F
2-2: Strikes out swinging
Batting: RHB Mark Tart 0-0: Ball
1-0: Swinging Strike
1-1: Foul Ball, location: 2F
1-2: Foul Ball, location: 2F
1-2: Foul Ball, location: 2F
1-2: Strikes out swinging
Bottom of the 7th over - 0 runs, 0 hits, 0 errors, 0 left on base; University of Southern California 4 - Coastal Carolina University 1
TOP OF THE 8TH
University of Southern California Trojans batting - Pitching for Coastal Carolina University Chanticleers : LHP Caleb Rohde
Batting: LHB Justin Veirs 0-0: Ball
1-0: Ball
2-0: Ground out 4-3 (Groundball, 4, EV 88.8 MPH)
Batting: RHB Jeremy McAbee 0-0: Fly out, F8 (Flyball, 8RD, EV 81.2 MPH)
Batting: RHB Joe Keough 0-0: Ball
1-0: Ball
2-0: Called Strike
2-1: Called Strike
2-2: Strikes out looking
Top of the 8th over - 0 runs, 0 hits, 0 errors, 0 left on base; University of Southern California 4 - Coastal Carolina University 1
BOTTOM OF THE 8TH
Coastal Carolina University Chanticleers batting - Pitching for University of Southern California Trojans : RHP Bartholomous Sauer
Pitching: RHP Aaron Haver
Batting: RHB Chris Marcellus 0-0: Ball
1-0: Ball
2-0: Called Strike
2-1: Ball
3-1: Foul Ball, location: 2F
3-2: Foul Ball, location: 2F
3-2: Foul Ball, location: 2F
3-2: Foul Ball, location: 2F
3-2: SINGLE (Groundball, 4M, EV 101.2 MPH) (infield hit)
Batting: RHB Oscar Hernandez 0-0: Ball
1-0: Ball
2-0: Ball
Wild Pitch!
Chris Marcellus to second
3-0: Base on Balls
Pinch Hitting: RHB Johnnie Cowan 0-0: Ball
1-0: Swinging Strike
1-1: SINGLE (Groundball, 6MD, EV 100.0 MPH)
Chris Marcellus to third
Oscar Hernandez to second
Batting: RHB Rene Napoles 0-0: Called Strike
0-1: Ball
1-1: Fly out, F6 (Popup, P, EV 88.8 MPH)
Batting: RHB Dennis Bennett 0-0: GRAND SLAM HOME RUN (Flyball, 7D, EV 96.9 MPH), Distance : 368 ft
Pitching: RHP Gabe Hires
Batting: RHB Tatsunori Ishigaki 0-0: Foul Ball, location: 2F
0-1: Ball
1-1: Ball
2-1: TRIPLE (Flyball, 78XD, EV 104.4 MPH)
Batting: RHB Isaac Washington 0-0: Intentional Walk
Batting: RHB Alex Montiel 0-0: Called Strike
0-1: Ball
1-1: Ball
2-1: Fly out, F9 (Flyball, 9LS, EV 91.9 MPH)
Batting: RHB Mark Tart 0-0: Ball
1-0: Called Strike
1-1: SINGLE (Line Drive, 9S, EV 102.5 MPH)
Tatsunori Ishigaki scores
Isaac Washington to second
Batting: RHB Chris Marcellus 0-0: Ball
1-0: Swinging Strike
1-1: Foul Ball, location: 2F
1-2: Foul Ball, location: 2F
1-2: Foul Ball, location: 2F
1-2: Foul Ball, location: 2F
1-2: Ball
2-2: Ball
3-2: Strikes out looking
Bottom of the 8th over - 5 runs, 5 hits, 0 errors, 2 left on base; University of Southern California 4 - Coastal Carolina University 6
TOP OF THE 9TH
University of Southern California Trojans batting - Pitching for Coastal Carolina University Chanticleers : LHP Caleb Rohde
Pitching: RHP Mitsuaki Fukunaga
Now at 1B: Nate Kokx
Now in LF: Chris McDaniel
Now in RF: Chris Marcellus
Pinch Hitting: RHB Eric Baker 0-0: SINGLE (Line Drive, 7, EV 100.0 MPH)
Pinch Hitting: LHB Alonzo Catalan 0-0: Called Strike
0-1: Ball
1-1: Ball
2-1: Ball
3-1: Called Strike
3-2: Strikes out swinging
Batting: RHB Liangde Zhou 0-0: Ball
1-0: Called Strike
1-1: Ball
2-1: Fly out, F9 (Flyball, 9D, EV 102.5 MPH)
Pinch Hitting: RHB Jim Baltazar 0-0: Foul Ball, location: 2F
0-1: Ball
1-1: Foul Ball, location: 2F
1-2: Strikes out swinging
Top of the 9th over - 0 runs, 1 hit, 0 errors, 1 left on base; University of Southern California 4 - Coastal Carolina University 6
Sunday, July 16th , 2023 - OOTP Baseball 24.6 Build 69